Selects Italian Combined Arms Battlegroup
Selects Bersaglieri Squad
Construct Light Support Kompanie
Selects Bersaglieri Bolster
Construct Mechanized Kompanie
Construct Panzerarmee Kommand
Selects Breda Model 30 Light Machine Guns
Selects Semovente da 75/18 Assault Gun
Walking Stuka Rocket Launcher
Walking Stuka Rocket Launcher
Flak 36 Anti-tank Gun Team
Pak 38 Anti-tank Gun Team
Pak 38 Anti-tank Gun Team
Semovente da 75/18 Assault Gun